 Dungeon Crawl Stone Soup version 0.28-a0-803-g74956062c1 (webtiles) character file.

Game seed: 4707834644404294473

403 Decritt the Magician (level 6, -1/36 HPs)
             Began as a Deep Elf Conjurer on Nov 7, 2021.
             Slain by a wyvern skeleton (9 damage)
             ... on level 5 of the Dungeon.
             The game lasted 00:17:11 (4993 turns).

Decritt the Magician (Deep Elf Conjurer)            Turns: 4993, Time: 00:17:11

Health: -1/36      AC: 13    Str:  4    XL:     6   Next: 55%
Magic:  7/17       EV: 12    Int: 25    God:
Gold:   144        SH:  0    Dex: 13    Spells: 14/17 levels left

rFire   . . .      SeeInvis .   q - +0 short sword (flame)
rCold   . . .      Faith    .   (no shield)
rNeg    . . .      Spirit   .   c - +3 leather armour
rPois   .          Reflect  .   g - +0 helmet
rElec   .          Harm     .   i - +0 cloak
rCorr   .          Rampage  .   (no gloves)
Will    .....                   r - +0 pair of boots
Stlth   ++........              (no amulet)
HPRegen 0.12/turn               o - +4 ring of protection
MPRegen 0.15/turn               (no ring)

@: no status effects
A: no striking features
a: no special abilities


You were on level 5 of the Dungeon.
You visited 1 branch of the dungeon, and saw 5 of its levels.

You collected 144 gold pieces.

Inventory:

Hand Weapons
 j - a +1 quarterstaff
 q - a +0 short sword of flaming (weapon)
 s - a +3 falchion
Missiles
 h - 9 boomerangs
Armour
 c - a +3 leather armour (worn)
 f - a +0 leather armour of fire resistance
 g - a +0 helmet (worn)
 i - a +0 cloak (worn)
 n - a +0 kite shield
 r - a +0 pair of boots (worn)
Jewellery
 o - a +4 ring of protection (left hand)
Wands
 p - a wand of flame (43) (quivered)
Scrolls
 l - 2 scrolls of noise
 m - 2 scrolls of fear
Potions
 a - a potion of berserk rage
 b - a potion of haste
 e - 2 potions of flight
 k - 2 potions of might {unknown}


   Skills:
 * Level 2.4 Fighting
 + Level 3.6 Dodging
 - Level 2.4 Stealth
 - Level 6.1 Spellcasting
 + Level 5.9 Conjurations


You had 14 spell levels left.
You knew the following spells:

 Your Spells              Type           Power      Damage    Failure   Level
a - Magic Dart            Conj           100%       1d8       1%          1
b - Searing Ray           Conj           74%        2d7       1%          2

Your spell library contained the following spells:

 Spells                   Type           Power      Damage    Failure   Level
 Dazzling Flash           Conj/Hex       44%        N/A       12%         3
 Stone Arrow              Conj/Erth      44%        3d9       12%         3
 Sandblast                Erth           14%        2d6       13%         1
 Passwall                 Tmut/Erth      5%         N/A       21%         2
 Call Canine Familiar     Summ           7%         N/A       36%         3
 Portal Projectile        Hex/Tloc       14%        N/A       36%         3
 Fulminant Prism          Conj/Hex       11%        3d9       36%         4
 Iskenderun's Mystic Bla  Conj/Tloc      22%        2d6       36%         4
 Leda's Liquefaction      Hex/Erth       3%         N/A       78%         4


Dungeon Overview and Level Annotations

Branches:
Dungeon (5/15)
 Temple: D:4-7

Altars:
Qazlal


Message History

Restarting spell: Searing Ray (safe; 1% risk of failure)
Press: ? - help, Shift-Dir - straight line, f - adder
Aim: an adder (68% to hit)
The searing ray misses the adder. (Press . to maintain the ray.)
The adder closely misses you. The wyvern skeleton closely misses you.
The searing ray misses the adder.
The searing ray hits the adder!
You kill the adder!
The adder closely misses you.
The wyvern skeleton completely misses you.
The adder bites you.
The searing ray hits the adder!
The adder is almost dead.
The wyvern skeleton bites you! The adder completely misses you.
The wyvern skeleton bites you but does no damage.
The searing ray hits the adder!
You kill the adder!
You finish channelling your searing ray.
The wyvern skeleton closely misses you.
Casting: Searing Ray (safe; 1% risk of failure)
Confirm with . or Enter, or press ? or * to list all spells.
Aiming: Magic Dart (safe; 1% risk of failure)
Press: ? - help, Shift-Dir - straight line, f - wyvern skeleton
Aim: a wyvern skeleton (100% to hit)
The magic dart hits the wyvern skeleton.
The wyvern skeleton is lightly damaged.
The wyvern skeleton bites you!
* * * LOW HITPOINT WARNING * * *
Casting: Magic Dart (safe; 1% risk of failure)
Confirm with . or Enter, or press ? or * to list all spells.
Aiming: Searing Ray (safe; 1% risk of failure)
Press: ? - help, Shift-Dir - straight line, f/p - wyvern skeleton
Aim: a wyvern skeleton (lightly damaged, 98% to hit)
The searing ray hits the wyvern skeleton!
The wyvern skeleton is moderately damaged. (Press . to maintain the ray.)
The wyvern skeleton bites you!
* * * LOW HITPOINT WARNING * * *
You feel better. The wyvern skeleton misses you. The wyvern skeleton bites you!
You die...

..............
.............
............#
............# .
............#.#
..............#
......[......#
.....)†@.....#
......Z........
#.#.........###
#.........###
...........
.#..########
.... ...


You could see a wyvern skeleton.

Vanquished Creatures
  An ogre (D:5)
  Blork the orc (D:4)
  2 hounds (D:4)
  An orc wizard (D:4)
  2 hound skeletons (D:4)
  5 adders
  4 worms
  2 dart slugs
  2 orcs (D:3)
  6 ball pythons
  11 bats
  9 endoplasms
  4 giant cockroaches
  12 goblins
  5 hobgoblins
  4 kobolds
  8 quokkas
  9 frilled lizards
  2 rats
90 creatures vanquished.

Vanquished Creatures (others)
  7 fungi (D:4)
7 creatures vanquished.

Grand Total: 97 creatures vanquished

Notes
Turn   | Place    | Note
-------+----------+-------------------------------------------
     0 | D:1      | Decritt the Deep Elf Conjurer began the quest for the Orb.
     0 | D:1      | Reached XP level 1. HP: 10/10 MP: 6/6
   278 | D:1      | Reached XP level 2. HP: 15/15 MP: 6/8
   281 | D:1      | Learned a level 2 spell: Searing Ray
   366 | D:1      | Reached skill level 4 in Spellcasting
   461 | D:1      | Found a faded altar of an unknown god.
   941 | D:1      | Reached XP level 3. HP: 19/19 MP: 7/10
  1776 | D:2      | Reached skill level 5 in Spellcasting
  1864 | D:2      | Reached skill level 5 in Conjurations
  2031 | D:3      | Reached XP level 4. HP: 24/24 MP: 11/13
  3558 | D:4      | Reached skill level 6 in Spellcasting
  3558 | D:4      | Reached XP level 5. HP: 28/28 MP: 10/15
  3604 | D:4      | Noticed Blork the orc
  3617 | D:4      | Killed Blork the orc
  3618 | D:4      | Reached skill level 1 in Fighting
  3889 | D:4      | Found a stormy altar of Qazlal.
  4517 | D:4      | Reached XP level 6. HP: 35/35 MP: 11/17
  4981 | D:5      | Entered Level 5 of the Dungeon
  4993 | D:5      | Slain by a wyvern skeleton

Illustrated notes

Levels and vault maps discovered:
D:1:      eino_arrival_water_cross, layout_loops_ring,
          hellmonk_ecumenical_altar_lost_god, amcnicky_mini_corridor_feature
D:2:      layout_basic, minmay_misc_feat_four_crosses, minmay_vboxes
D:3:      layout_loops_ring, grunt_decor_cap, minmay_hedge_maze,
          roderic_lattice_a
D:4:      layout_loops_corners, nicolae_qazlal_scattered_showers,
          serial_aquarium, aquarium_bridge_straight [aquarium_subvault_bridge,
          aquarium_subvault_wall, aquarium_subvault_bridge,
          aquarium_subvault_balcony], aquarium_bridge_long_joined
          [aquarium_subvault_bridge, aquarium_subvault_window,
          aquarium_subvault_window, aquarium_subvault_wall,
          aquarium_subvault_wall, aquarium_subvault_bridge],
          aquarium_window_fake, aquarium_window_1, aquarium_view_2b,
          aquarium_view_2a, uniq_blork_the_orc
D:5:      layout_rooms, serial_undead, serial_undead_f, serial_undead_b,
          serial_undead_a, serial_undead_c, serial_undead_f, serial_undead_f

Skill      XL: |  1  2  3  4  5  6 |
---------------+-------------------+-----
Spellcasting   | 4 5 6 |  6.1
Conjurations   | 5 |  5.9
Fighting       | 1 2 |  2.4
Dodging        | 3 |  3.6
Stealth        | |  2.4

Action                   |  1- 3 |  4- 6 || total
-------------------------+-------+-------++-------
Melee: Quarterstaff      |       |     1 ||     1
       Falchion          |       |     3 ||     3
Throw: Boomerang         |       |    21 ||    21
 Cast: Magic Dart        |    69 |    51 ||   120
       Searing Ray       |     4 |    14 ||    18
Evoke: Wand              |       |     4 ||     4
  Use: Scroll            |     5 |     5 ||    10
       Potion            |       |     1 ||     1
Armor: Leather armour    |     6 |    18 ||    24
Dodge: Dodged            |    12 |    19 ||    31

Table legend: (Time is in decaauts)
 A = Elapsed time spent in this place.
 B = Non-inter-level travel time spent in this place.
 C = Inter-level travel time spent in this place.
 D = Time resting spent in this place.
 E = Time spent auto-exploring this place.
 F = Levels seen in this place.
 G = Mean time per level.
                   A        B        C        D        E       F      G
               +--------+--------+--------+--------+--------+-----+--------+
         Total |   4995 |   4834 |    161 |   1118 |   2999 |   5 |  999.0 |
       Dungeon |   4995 |   4834 |    161 |   1118 |   2999 |   5 |  999.0 |
               +--------+--------+--------+--------+--------+-----+--------+

Top non-repeatable levels by time:
     D:4: 1640 daAuts
     D:3: 1317 daAuts
     D:1: 1130 daAuts
     D:2: 895 daAuts
     D:5: 11 daAuts
